 Dungeon Crawl Stone Soup version 0.29.1-15-g9cfb28693d (webtiles) character file.

Game seed: 18217679735255165009

7008 zeram the Blocker (level 11, 0/89 HPs)
             Began as a Gnoll Fighter on Apr 25, 2023.
             Was an Initiate of Gozag.
             Killed from afar by an electric eel (11 damage)
             ... with a bolt of electricity
             ... on level 9 of the Dungeon.
             The game lasted 00:17:43 (13672 turns).

zeram the Blocker (Gnoll Fighter)                  Turns: 13672, Time: 00:17:45

Health: 0/89       AC: 17    Str: 20    XL:     11   Next: 8%
Magic:  20/20      EV:  7    Int:  7    God:    Gozag
Gold:   768        SH: 10    Dex: 12    Spells: 22/22 levels left

rFire   . . .      SeeInvis .   a - +2 war axe (flame)
rCold   . . .      Faith    .   K - +0 kite shield
rNeg    . . .      Spirit   .   p - +0 plate armour
rPois   .          Reflect  .   e - +0 helmet
rElec   .          Harm     .   u - +1 cloak {rCorr}
rCorr   +          Rampage  .   (no gloves)
Will    .....                   (no boots)
Stlth   ..........              (no amulet)
HPRegen 0.24/turn               (no ring)
MPRegen 0.17/turn               (no ring)

@: lethally poisoned (0 -> -3), gold aura
A: fangs 1, strong nose, distributed training
a: Renounce Religion, Potion Petition, Call Merchant, Bribe Branch


You were on level 9 of the Dungeon.
You worshipped Gozag.
Gozag was pleased with you.
You visited 2 branches of the dungeon, and saw 10 of its levels.
You also visited: Ossuary.

You collected 921 gold pieces.
You paid 153 gold pieces to Gozag.

Inventory:

Hand Weapons
 a - a +2 war axe of flaming (weapon)
 s - a +2 spear of venom
Armour
 b - a +0 scale mail
 c - a +0 buckler
 e - a +0 helmet (worn)
 o - a +0 cloak
 p - a +0 plate armour (worn)
 u - a +1 cloak of preservation (worn)
 K - a +0 kite shield (worn)
Jewellery
 E - a +6 ring of dexterity
Wands
 k - a wand of mindburst (6)
 v - a wand of digging (5)
Scrolls
 j - 2 scrolls of enchant weapon
 n - 2 scrolls of summoning
 t - 5 scrolls of fear
 y - a scroll of teleportation {unknown}
 A - 2 scrolls of blinking
 C - a scroll of fog
 D - 3 scrolls of immolation {unknown}
 F - 2 scrolls of magic mapping
 G - 4 scrolls of identify
 H - a scroll of poison {unknown}
Potions
 d - a potion of might
 f - 4 potions of lignification
 g - 3 potions of heal wounds {unknown}
 h - 2 potions of degeneration {unknown}
 i - 2 potions of brilliance {unknown}
 l - 3 potions of curing {unknown}
 m - a potion of berserk rage {unknown}
 q - 2 potions of flight
 r - 2 potions of attraction {unknown}
 w - a potion of invisibility {unknown}
 x - a potion of haste {unknown}
 z - 2 potions of mutation {unknown}
 B - a potion of resistance {unknown}
 I - a potion of cancellation {unknown}
 J - a potion of ambrosia {unknown}


   Skills:
 + Level 9.1 Fighting
 + Level 6.1 Short Blades
 + Level 6.1 Long Blades
 + Level 7.8 Axes
 + Level 6.1 Maces & Flails
 + Level 6.1 Polearms
 + Level 6.1 Staves
 + Level 6.1 Ranged Weapons
 + Level 6.1 Throwing
 + Level 9.1 Armour
 + Level 6.1 Dodging
 + Level 6.1 Stealth
 + Level 9.1 Shields
 + Level 6.1 Unarmed Combat
 + Level 6.1 Spellcasting
 + Level 5.1 Conjurations
 + Level 5.1 Hexes
 + Level 5.1 Summonings
 + Level 5.1 Necromancy
 + Level 5.1 Translocations
 + Level 5.1 Transmutations
 + Level 5.1 Fire Magic
 + Level 5.1 Ice Magic
 + Level 5.1 Air Magic
 + Level 5.1 Earth Magic
 + Level 5.1 Poison Magic
 + Level 6.7 Invocations
 + Level 6.1 Evocations


You had 22 spell levels left.
You didn't know any spells.
Your spell library contained the following spells:

 Spells                   Type           Power      Damage    Failure   Level
 Magic Dart               Conj           36%        1d4       78%         1
 Call Imp                 Summ           9%         N/A       89%         2
 Call Canine Familiar     Summ           9%         N/A       98%         3
 Frozen Ramparts          Ice            18%        1d3       98%         3
 Gell's Gravitas          Tloc           9%         N/A       98%         3
 Lesser Beckoning         Tloc           9%         N/A       98%         3
 Mephitic Cloud           Conj/Pois/Air  9%         N/A       98%         3
 Portal Projectile        Hex/Tloc       18%        N/A       98%         3
 Teleport Other           Tloc           9%         N/A       98%         3
 Ice Form                 Ice/Tmut       9%         N/A       100%        4
 Leda's Liquefaction      Hex/Erth       4%         N/A       100%        4
 Summon Ice Beast         Ice/Summ       9%         N/A       100%        4
 Summon Mana Viper        Hex/Summ       9%         N/A       100%        5
 Monstrous Menagerie      Summ           4%         N/A       100%        7


Dungeon Overview and Level Annotations

Branches:
Dungeon (9/15)             Temple (1/1) D:5         Ossuary (visited)
   Lair: D:8-11         Orc: D:9-12

Altars:
Ashenzari
Cheibriados
Dithmenos
Elyvilon
Fedhas
Gozag
Hepliaklqana
Kikubaaqudgha
Makhleb
Nemelex Xobeh
Okawaru
Qazlal
Ru
Trog
Uskayaw
Vehumet
Wu Jian
Xom
Yredelemnul
Zin
The Shining One

Shops:
D:1 (   D:2 (*[   D:6 ?


Innate Abilities, Weirdness & Mutations

You have very sharp teeth.
Your uncanny sense of smell can sniff out nearby items.
Your experience applies equally to all skills.


Message History

You barely miss the yak.
The yak is heavily wounded.
The yak gores you!
* * * LOW HITPOINT WARNING * * *
You slash the yak! You burn the yak.
The yak is severely wounded.
You block the yak's attack. x2
You slash the yak! You burn the yak.
You kill the yak!
The electric eel is no longer distracted by gold.
The kobold brigand throws a poisoned dart.
The poisoned dart hits you!
You are poisoned.
You slash the kobold! You burn the kobold.
You kill the kobold!
You feel very sick.
The electric eel is distracted by your dazzling golden aura.
An orc comes into view. It is wielding a +0 short sword.
The orc shouts!
You slash the kobold brigand! You burn the kobold brigand.
The kobold brigand is heavily wounded.
You feel sick. You block the kobold brigand's attack.
You slash the kobold brigand! You burn the kobold brigand.
You kill the kobold brigand!
You feel sick.
The electric eel is no longer distracted by gold.
The electric eel is distracted by your dazzling golden aura.
You slash the kobold! You burn the kobold.
You kill the kobold!
You feel sick.
The electric eel is no longer distracted by gold.
The electric eel shoots out a bolt of lightning at you!
The bolt of electricity hits the kobold!
The kobold dies!
The bolt of electricity hits you!
* * * LOW HITPOINT WARNING * * *
The electric eel shoots out a bolt of lightning at you!
The bolt of electricity hits you!
You die...
Your body crumbles into a pile of gold.

~~~≈ ≈≈≈≈≈≈~~~≈≈≈≈#
.~~~
~P~.~~≈.S~~####
~SS.~....~....~~..#
..................
#..###.##.##.####
##.###.##.##o#
#..$o#.......###
#.##$#........... ∆
#.##@#.##########
#.##....# #.#
#.###..$# #.#
#.###.#)# #.#
#.##(.#)# #.#
#....##.#
#.###..####.#
#.##..### #.# ##
##.......# #.#


You could see 2 electric eels and an orc.

Vanquished Creatures
  A two-headed ogre (D:7)
  Joseph (D:7)
  Prince Ribbit (D:5)
  A wraith (D:8)
  10 yaks
  Eustachio (D:5)
  2 wyverns (D:8)
  A steam dragon (D:9)
  An orc warrior (D:9)
  A sky beast (D:7)
  3 black bears
  2 centaurs
  3 phantoms
  2 kobold brigands
  Blork the orc (D:5)
  3 bullfrogs
  5 scorpions
  A wyvern zombie (Ossuary)
  4 water moccasin zombies (Ossuary)
  4 wights
  3 killer bees (D:7)
  4 howler monkeys
  6 bullfrog zombies (Ossuary)
  A centaur zombie (Ossuary)
  4 jellies
  A hound (D:7)
  Crazy Yiuf (D:6)
  8 orc priests
  4 iguanas
  6 orc wizards
  3 killer bee zombies (Ossuary)
  15 mummies (Ossuary)
  2 howler monkey zombies (Ossuary)
  8 gnolls
  6 adders
  A shadow imp (D:7)
  2 white imps
  5 worms
  A dart slug (D:3)
  30 orcs
  4 endoplasms
  5 giant cockroaches
  4 goblins
  4 hobgoblins
  8 jackals
  3 quokkas
  A ball python (D:3)
  6 bats
  5 frilled lizards
  15 kobolds
  A rat (D:2)
215 creatures vanquished.

Vanquished Creatures (others)
  A kobold (D:9)
  23 plants
  7 withered plants (Ossuary)
31 creatures vanquished.

Grand Total: 246 creatures vanquished

Notes
Turn   | Place    | Note
-------+----------+-------------------------------------------
     0 | D:1      | zeram the Gnoll Fighter began the quest for the Orb.
     0 | D:1      | Reached XP level 1. HP: 23/23 MP: 1/1
   288 | D:1      | Found a faded altar of an unknown god.
   405 | D:1      | Reached XP level 2. HP: 29/29 MP: 2/2
   537 | D:1      | Found Asker's Antique Weapon Emporium.
   964 | D:2      | Found Vojen's General Store.
   981 | D:2      | Found Utwann's Armour Shop.
  1048 | D:2      | Reached XP level 3. HP: 27/35 MP: 3/3
  1176 | D:2      | Reached skill level 1 in Invocations
  1226 | D:2      | Found Moklaexa's Weapon Emporium.
  1256 | D:2      | Found a hazy altar of Hepliaklqana.
  1522 | D:2      | Reached skill level 1 in Short Blades
  1522 | D:2      | Reached skill level 1 in Long Blades
  1522 | D:2      | Reached skill level 1 in Maces & Flails
  1522 | D:2      | Reached skill level 1 in Polearms
  1522 | D:2      | Reached skill level 1 in Staves
  1522 | D:2      | Reached skill level 1 in Ranged Weapons
  1522 | D:2      | Reached skill level 1 in Throwing
  1522 | D:2      | Reached skill level 1 in Dodging
  1522 | D:2      | Reached skill level 1 in Stealth
  1522 | D:2      | Reached skill level 1 in Unarmed Combat
  1522 | D:2      | Reached skill level 1 in Spellcasting
  1522 | D:2      | Reached skill level 1 in Evocations
  1523 | D:2      | Reached XP level 4. HP: 34/41 MP: 5/5
  1936 | D:3      | Reached skill level 1 in Conjurations
  1936 | D:3      | Reached skill level 1 in Hexes
  1936 | D:3      | Reached skill level 1 in Summonings
  1936 | D:3      | Reached skill level 1 in Necromancy
  1936 | D:3      | Reached skill level 1 in Translocations
  1936 | D:3      | Reached skill level 1 in Transmutations
  1936 | D:3      | Reached skill level 1 in Fire Magic
  1936 | D:3      | Reached skill level 1 in Ice Magic
  1936 | D:3      | Reached skill level 1 in Air Magic
  1936 | D:3      | Reached skill level 1 in Earth Magic
  1936 | D:3      | Reached skill level 1 in Poison Magic
  2807 | D:4      | Noticed a black bear
  2819 | D:4      | Killed a black bear
  2820 | D:4      | Reached XP level 5. HP: 16/47 MP: 7/7
  3157 | D:4      | Reached skill level 5 in Axes
  3157 | D:4      | Reached XP level 6. HP: 39/53 MP: 8/8
  3507 | D:4      | Found a broken altar of Ashenzari.
  4071 | D:5      | Entered Level 5 of the Dungeon
  4071 | D:5      | Found a staircase to the Ecumenical Temple.
  4126 | Temple   | Entered the Ecumenical Temple
  4417 | D:5      | Noticed Blork the orc
  4703 | D:5      | Killed Blork the orc
  4704 | D:5      | Reached XP level 7. HP: 59/60 MP: 10/10
  5258 | D:5      | Reached XP level 8. HP: 58/67 MP: 12/12
  5319 | D:5      | Noticed Eustachio
  5403 | D:5      | Killed Eustachio
  5723 | D:5      | Noticed Prince Ribbit
  5740 | D:5      | Killed Prince Ribbit
  6294 | D:6      | Found Qixzoin's Magic Scroll Boutique.
  7593 | D:6      | Found a runed translucent door.
  7594 | D:6      | Noticed Crazy Yiuf
  7602 | D:6      | Killed Crazy Yiuf
  7771 | D:7      | Reached XP level 9. HP: 73/73 MP: 14/14
  8221 | D:7      | Noticed a two-headed ogre
  8234 | D:7      | Killed a two-headed ogre
  8235 | D:7      | Reached skill level 5 in Invocations
  9414 | D:7      | Found Viploor's Antique Armour Emporium.
  9588 | D:7      | Noticed Joseph
  9614 | D:7      | Killed Joseph
  9615 | D:7      | Reached skill level 5 in Short Blades
  9615 | D:7      | Reached skill level 5 in Long Blades
  9615 | D:7      | Reached skill level 5 in Maces & Flails
  9615 | D:7      | Reached skill level 5 in Polearms
  9615 | D:7      | Reached skill level 5 in Staves
  9615 | D:7      | Reached skill level 5 in Ranged Weapons
  9615 | D:7      | Reached skill level 5 in Throwing
  9615 | D:7      | Reached skill level 5 in Dodging
  9615 | D:7      | Reached skill level 5 in Stealth
  9615 | D:7      | Reached skill level 5 in Unarmed Combat
  9615 | D:7      | Reached skill level 5 in Spellcasting
  9615 | D:7      | Reached skill level 5 in Evocations
  9615 | D:7      | Reached XP level 10. HP: 18/81 MP: 17/17
 10080 | D:8      | Found an opulent altar of Gozag.
 10088 | D:8      | Became a worshipper of Gozag Ym Sagoz the Greedy
 10224 | D:8      | Found a sand-covered staircase.
 10234 | Ossuary  | Entered an ossuary
 12737 | D:9      | HP: 4/82 [electric eel/bolt of electricity (7)]
 13644 | D:9      | Reached skill level 5 in Conjurations
 13644 | D:9      | Reached skill level 5 in Hexes
 13644 | D:9      | Reached skill level 5 in Summonings
 13644 | D:9      | Reached skill level 5 in Necromancy
 13644 | D:9      | Reached skill level 5 in Translocations
 13644 | D:9      | Reached skill level 5 in Transmutations
 13644 | D:9      | Reached skill level 5 in Fire Magic
 13644 | D:9      | Reached skill level 5 in Ice Magic
 13644 | D:9      | Reached skill level 5 in Air Magic
 13644 | D:9      | Reached skill level 5 in Earth Magic
 13644 | D:9      | Reached skill level 5 in Poison Magic
 13648 | D:9      | Reached XP level 11. HP: 61/89 MP: 20/20
 13672 | D:9      | Killed from afar by an electric eel

Illustrated notes

Levels and vault maps discovered:
D:1:      minmay_arrival_radiant_lines, layout_loops_ring,
          hellmonk_ecumenical_altar_zigzags, serial_shops,
          nicolae_lakefront_shop
D:2:      layout_basic, serial_shops, shop, nicolae_shop_bloodbath_and_beyond,
          shop, basic_altar
D:3:      layout_loops_ring, amcnicky_mini_rare_corridor_liquid
D:4:      layout_basic, ashenzari_conservatory_becter, minmay_cupped
D:5:      layout_loops_ring, minmay_temple_entry_grid, nicolae_sextant,
          minmay_between, uniq_prince_ribbit1, uniq_blork_the_orc,
          uniq_eustachio
D:6:      layout_loops_ring, serial_shops, shop, uniq_crazy_yiuf_cottage
D:7:      cheibrodos_two_vegetables, layout_cave_pods, serial_shops, shop,
          st_stairs_6, uniq_joseph
D:8:      layout_basic, old_standard_altar, nicolae_ossuary_entry_ruins,
          minmay_diced_spiral
D:9:      layout_basic, chequers_big_river, hex_intersection
Temple:   nicolae_temple_bog_church

Skill      XL: |  1  2  3  4  5  6  7  8  9 10 |
---------------+-------------------------------+-----
Invocations    | 1 2 3 4 5 6 |  6.7
Short Blades   | 1 2 3 5 6 |  6.1
Long Blades    | 1 2 3 5 6 |  6.1
Maces & Flails | 1 2 3 5 6 |  6.1
Polearms       | 1 2 3 5 6 |  6.1
Staves         | 1 2 3 5 6 |  6.1
Ranged Weapons | 1 2 3 5 6 |  6.1
Throwing       | 1 2 3 5 6 |  6.1
Dodging        | 1 2 3 5 6 |  6.1
Stealth        | 1 2 3 5 6 |  6.1
Unarmed Combat | 1 2 3 5 6 |  6.1
Spellcasting   | 1 2 3 5 6 |  6.1
Evocations     | 1 2 3 5 6 |  6.1
Conjurations   | 1 2 3 4 5 |  5.1
Hexes          | 1 2 3 4 5 |  5.1
Summonings     | 1 2 3 4 5 |  5.1
Necromancy     | 1 2 3 4 5 |  5.1
Translocations | 1 2 3 4 5 |  5.1
Transmutations | 1 2 3 4 5 |  5.1
Fire Magic     | 1 2 3 4 5 |  5.1
Ice Magic      | 1 2 3 4 5 |  5.1
Air Magic      | 1 2 3 4 5 |  5.1
Earth Magic    | 1 2 3 4 5 |  5.1
Poison Magic   | 1 2 3 4 5 |  5.1
Axes           | 5 6 7 |  7.8
Fighting       | 7 8 9 |  9.1
Armour         | 7 8 9 |  9.1
Shields        | 7 8 9 |  9.1

Action                   |  1- 3 |  4- 6 |  7- 9 | 10-12 || total
-------------------------+-------+-------+-------+-------++-------
Melee: War axe           |    80 |   182 |   214 |   289 ||   765
       Bite              |     7 |    16 |    43 |    38 ||   104
       Spear             |       |       |   128 |       ||   128
  Use: Scroll            |     5 |     1 |     5 |     2 ||    13
       Potion            |       |       |     1 |       ||     1
 Stab: Distracted        |       |       |       |     2 ||     2
Armor: Scale mail        |    32 |    78 |       |       ||   110
       Plate armour      |       |    19 |   238 |   150 ||   407
Dodge: Dodged            |    30 |    77 |   123 |    98 ||   328
Block: Buckler           |    24 |    49 |    91 |    45 ||   209
       Kite shield       |       |       |       |    29 ||    29
